 Dungeon Crawl Stone Soup version 0.27-a0-385-g3208abaabc (webtiles) character file.

Game seed: 12891405205030795152

128 greynaab the Vandal (level 4, 0/34 HPs)
             Began as a Demigod Arcane Marksman on Feb 18, 2021.
             Succumbed to an adder's poison
             ... on level 2 of the Dungeon on Feb 19, 2021.
             The game lasted 00:11:31 (2762 turns).

greynaab the Vandal (Demigod Arcane Marksman)       Turns: 2762, Time: 00:11:32

Health: 0/34       AC:  2    Str: 15    XL:     4   Next: 58%
Magic:  8/8        EV: 12    Int: 15    God:
Gold:   125        SH:  0    Dex: 14    Spells: 1/5 levels left

rFire    . . .     SeeInvis .   b - +1 whip (freeze)
rCold    . . .     Faith    .   (no shield)
rNeg     . . .     Spirit   .   e - +0 robe
rPois    .         Reflect  .   (no helmet)
rElec    .         Harm     .   (no cloak)
rCorr    .         Rampage  .   (no gloves)
Will     .....                  (no boots)
Stlth    +.........             (no amulet)
HPRegen  0.11/turn              (no ring)
MPRegen  0.11/turn              (no ring)

@: lethally poisoned (0 -> -11), attractive, hasted, very quick
A: high mp 1
a: no special abilities


You were on level 2 of the Dungeon.
You visited 1 branch of the dungeon, and saw 3 of its levels.

You collected 125 gold pieces.

Inventory:

Hand Weapons
 a - a +0 hunting sling
 b - a +1 whip of freezing (weapon)
Missiles
 d - 15 sling bullets
 f - 82 stones (quivered)
Armour
 e - a +0 robe (worn)
Scrolls
 g - a scroll of blinking
 i - a scroll of identify
 j - 2 scrolls of teleportation
Potions
 h - 2 potions of attraction
 k - a potion of might


   Skills:
 - Level 0.8 Fighting
 + Level 1.7 Maces & Flails
 + Level 4.2 Slings
 - Level 1.7 Dodging
 - Level 1.0 Spellcasting
 - Level 2.6 Hexes


You had one spell level left.
You knew the following spells:

 Your Spells              Type           Power        Failure   Level
a - Corona                Hex            8%           9%          1
b - Mephitic Cloud        Conj/Pois/Air  0%           58%         3

Your spell library contained the following spells:

 Spells                   Type           Power        Failure   Level
 Magic Dart               Conj           0%           24%         1
 Slow                     Hex            8%           12%         2
 Blink                    Tloc           N/A          36%         2
 Call Imp                 Summ           0%           36%         2
 Inner Flame              Hex/Fire       4%           38%         3
 Portal Projectile        Hex/Tloc       8%           38%         3
 Conjure Flame            Conj/Fire      0%           58%         3
 Cause Fear               Hex            4%           63%         4
 Leda's Liquefaction      Hex/Erth       2%           80%         4


Dungeon Overview and Level Annotations

Branches:
Dungeon (3/15)


Innate Abilities, Weirdness & Mutations

You have an increased reservoir of magic. (+10% MP)


Message History

The adder is heavily wounded.
The adder bites you but does no damage.
You barely miss the adder.
The adder is moderately wounded.
The adder bites you.
You are more poisoned.
The adder poisons you!
You feel sick.
The adder is no longer moving slowly.
The adder barely misses you. The worm bites you but does no damage.
You climb upwards.
You feel sick.
There is a stone staircase leading down here.
Unknown command.
You feel yourself speed up.
You feel sick. The adder bites you.
Unknown command.
It was a potion of attraction.
You feel attractive to monsters.
You feel sick. The adder bites you. The worm bites you!
* * * LOW HITPOINT WARNING * * *
Okay, then.
Unknown command.
You aren't carrying any items that you can evoke.
Okay, then.
You hit the worm but do no damage. The adder bites you.
* * * LOW HITPOINT WARNING * * *
You are more poisoned.
The adder poisons you!
Unknown command.
There is a lethal amount of poison in your body!
You hit the adder.
The adder seems to slow down.
You freeze the adder.
The adder is almost dead.
* * * LOW HITPOINT WARNING * * *
You feel sick. The adder closely misses you. The worm bites you.
* * * LOW HITPOINT WARNING * * *
Unknown command.
Unknown command.
You hit the adder.
The adder seems to slow down.
You freeze the adder.
You kill the adder!
You hit the worm. You freeze the worm.
The worm is lightly wounded.
You die...

.#.##......#######
####.............#####
...#.................#
._.#######.......###.############
...#......##.......#....).......#
#####.....##.......############..
.#..##.....#.....................
.#...##.........(..#.######......
.#....##..##...†@w.#..# #......
.#.....##...##.######.#####...##.
.#......###.##..#####...##..####.
.#.......#..........##.....## #.
####.######.............#..######
#...................##........
####.#.....>...........#####..
#######.#.......###.##...........
................# #.##........##.


You could see a worm.

Vanquished Creatures
  A hound (D:2)
  An adder (D:2)
  An ooze (D:1)
  2 worms (D:2)
  3 dart slugs
  2 orcs
  2 ball pythons
  5 bats (D:1)
  3 giant cockroaches
  10 goblins
  8 hobgoblins
  7 jackals (D:2)
  3 frilled lizards
  9 kobolds
  9 rats
66 creatures vanquished.

Notes
Turn   | Place    | Note
-------+----------+-------------------------------------------
     0 | D:1      | greynaab the Demigod Arcane Marksman began the quest for
                  | the Orb.
     0 | D:1      | Reached XP level 1. HP: 15/15 MP: 4/4
    28 | D:1      | Reached skill level 2 in Slings
   172 | D:1      | Reached XP level 2. HP: 15/22 MP: 1/5
   498 | D:1      | Reached skill level 3 in Slings
   894 | D:1      | Reached XP level 3. HP: 21/27 MP: 6/6
  1664 | D:2      | Learned a level 3 spell: Mephitic Cloud
  2046 | D:2      | Found a broken altar of Ashenzari.
  2350 | D:3      | Reached skill level 1 in Maces & Flails
  2444 | D:2      | Reached skill level 4 in Slings
  2444 | D:2      | Reached XP level 4. HP: 23/34 MP: 8/8
  2760 | D:2      | HP: 1/34 [worm (1)]
  2762 | D:2      | Succumbed to an adder's poison

Illustrated notes

Levels and vault maps discovered:
D:1:      eino_arrival_water_star, layout_basic
D:2:      layout_rooms, nicolae_ashenzari_panopticon
D:3:      layout_rooms, overflow_temple_1_default

Skill      XL: |  1  2  3 |
---------------+----------+-----
Slings         | 2 3 4 |  4.2
Maces & Flails | 1 |  1.7
Fighting       | |  0.8
Dodging        | |  1.7
Spellcasting   | |  1.0
Hexes          | |  2.6

Action                   |  1- 3 |  4- 6 || total
-------------------------+-------+-------++-------
Melee: Whip              |    14 |    12 ||    26
 Fire: Hunting sling     |   202 |    22 ||   224
 Cast: Corona            |    23 |       ||    23
  Use: Scroll            |     5 |       ||     5
       Potion            |     1 |     2 ||     3
Armor: Robe              |    18 |     4 ||    22
       Skin              |    15 |     1 ||    16
Dodge: Dodged            |    73 |    20 ||    93

Table legend: (Time is in decaauts)
 A = Elapsed time spent in this place.
 B = Non-inter-level travel time spent in this place.
 C = Inter-level travel time spent in this place.
 D = Time resting spent in this place.
 E = Time spent auto-exploring this place.
 F = Levels seen in this place.
 G = Mean time per level.
                   A        B        C        D        E       F      G
               +--------+--------+--------+--------+--------+-----+--------+
         Total |   2768 |   2646 |    122 |    549 |   1458 |   3 |  922.7 |
       Dungeon |   2768 |   2646 |    122 |    549 |   1458 |   3 |  922.7 |
               +--------+--------+--------+--------+--------+-----+--------+

Top non-repeatable levels by time:
     D:2: 1373 daAuts
     D:1: 1279 daAuts
     D:3: 115 daAuts
